 Dungeon Crawl Stone Soup version 0.31.0-12-g77e489cdc1 (webtiles) character file.

Game seed: 16114389083599900291

552 jimonade the Ruffian (level 7, -16/50 HPs)
             Began as a Djinni Shapeshifter on Mar 2, 2024.
             Demolished by an ogre
             ... wielding a +0 giant spiked club
              (19 damage)
             ... on level 5 of the Dungeon.
             The game lasted 00:08:52 (3930 turns).

jimonade the Ruffian (Djinni Shapeshifter)          Turns: 3930, Time: 00:08:53

Health: -16/50     AC:  5    Str: 15    XL:     7   Next: 55%
Gold:   203        EV: 12    Int: 11    God:
                   SH:  0    Dex: 13

rFire   + +          .
                       - Unarmed
rCold   x . .        (no shield)
rNeg    . . .        g - +0 ring mail
rPois   ∞            (helmet currently unavailable)
rElec   .            (cloak currently unavailable)
rCorr   .            (gloves currently unavailable)
SInv    +            (boots unavailable)
Will    .....        (no amulet)
Stlth   +            x - ring of see invisible
HPRegen 0.28/turn    (no ring)
MPRegen 0.00/turn

%: infuse magic (-17 HP)
@: beast-form, flying
A: beast (slay +1), flying, sickness immunity, fire resistance 2, cold
vulnerability 1, float, innate caster, HP casting, extra vitality 1
a: Begin Untransformation


You were on level 5 of the Dungeon.
You were a hulking beast.
You visited 1 branch of the dungeon, and saw 5 of its levels.

You collected 203 gold pieces.

Inventory:

Hand Weapons
 k - a +2 dagger of venom
Missiles
 D - 4 curare-tipped darts
 E - 3 poisoned darts (quivered)
Armour
 a - a +0 animal skin
 g - a +0 ring mail (worn)
Magical Staves
 n - a staff of earth
 C - a staff of conjuration
Jewellery
 x - a ring of see invisible (left hand)
 z - a ring of protection from fire
 B - the ring of the Hare {EV+10}
   (You found it on level 4 of the Dungeon)

   [ring of evasion]

   EV+10:     It affects your evasion (+10).
Talismans
 c - a beast talisman
 d - a flux talisman
 q - a serpent talisman
Scrolls
 e - a scroll of revelation {unknown}
 f - 3 scrolls of teleportation {unknown}
 h - 2 scrolls of amnesia {unknown}
 l - a scroll of enchant armour {unknown}
 o - a scroll of brand weapon {unknown}
 p - a scroll of vulnerability {unknown}
 r - a scroll of immolation {unknown}
 s - 3 scrolls of identify {unknown}
 w - a scroll of poison {unknown}
 y - a scroll of blinking {unknown}
Potions
 b - 2 potions of lignification
 i - 2 potions of haste {unknown}
 j - a potion of curing {unknown}
 m - 2 potions of brilliance {unknown}
 t - 3 potions of might {unknown}
 u - a potion of magic {unknown}
 v - a potion of enlightenment {unknown}
 A - 2 potions of resistance {unknown}


   Skills:
 + Level 3.3 Fighting
 + Level 2.6 Armour
 + Level 3.9 Dodging
 * Level 5.6 Unarmed Combat
 + Level 1.3 Spellcasting
 + Level 1.3 Conjurations
 + Level 1.3 Hexes
 + Level 1.3 Summonings
 + Level 1.3 Necromancy
 + Level 1.3 Translocations
 + Level 1.3 Fire Magic
 + Level 1.3 Ice Magic
 + Level 1.3 Air Magic
 + Level 1.3 Earth Magic
 + Level 1.3 Alchemy
 - Level 2.6 Shapeshifting


You knew the following spells:

 Your Spells              Type           Power      Damage    Failure   Level
a - Sting                 Conj/Alch      12%        1d3       34%         1
b - Scorch                Fire           6%         2d5       47%         2
c - Teleport Other        Tloc           3%         N/A       71%         3
Your spell library was empty.

Dungeon Overview and Level Annotations

Branches:
Dungeon (5/15) Zot: 26048
 Temple: D:4-7

Altars:
Cheibriados
Nemelex Xobeh
Zin

Shops:
D:3 [


Innate Abilities, Weirdness & Mutations

You are a hulking beast.
Your limbs bulge with bestial killing power. (Slay +1)
You are flying.
You are immune to sickness and miasma.
You are immune to poison.
Your flesh is very heat resistant. (rF++)
You are vulnerable to cold. (rC-)
You float through the air rather than walking.
You learn spells naturally, not from books.
Your magical power is your life essence.
You have superior vitality. (+4 MHP)


Message History

Aim: an ogre, wielding a +0 giant club (72% to hit)
You throw a curare-tipped dart. The curare-tipped dart hits the ogre.
The ogre is poisoned.
The ogre struggles to breathe.
The ogre seems to slow down.
The ogre is moderately wounded.
Throw: 3 darts (poison)
Press: ? - help, Q - select action, (/) - cycle Shift-Dir - straight line, f/p - ogre
Aim: an ogre, wielding a +0 giant club (moderately wounded, very poisoned, slow, 73% to hit)
You throw a poisoned dart. The poisoned dart hits the ogre.
The ogre looks even sicker.
The ogre is moderately wounded.
Throw: 2 darts (poison)
Press: ? - help, Q - select action, (/) - cycle Shift-Dir - straight line, f/p - ogre
Aim: an ogre, wielding a +0 giant club (moderately wounded, very poisoned, slow, 73% to hit)
You throw a poisoned dart. The poisoned dart hits the ogre.
The ogre is moderately wounded.
Throw: dart (poison)
Press: ? - help, Q - select action, (/) - cycle Shift-Dir - straight line, f/p - ogre
Aim: an ogre, wielding a +0 giant club (moderately wounded, very poisoned, slow, 72% to hit)
You throw a poisoned dart. The poisoned dart hits the ogre.
The ogre looks as sick as possible!
The ogre is moderately wounded.
You punch the ogre!
The ogre is almost dead.
The ogre hits you with a +0 giant club!!
Ouch! That really hurt!
* * * LOW HITPOINT WARNING * * *
You hit the ogre.
You kill the ogre!
Things that are here:
a +0 giant club; an ogre corpse
E - a poisoned dart
E - 2 poisoned darts (gained 1)
E - 3 poisoned darts (gained 1);
D - 3 curare-tipped darts (gained 1)
D - 4 curare-tipped darts (gained 1) HP restored.
s - 3 scrolls labelled BAJESTO FIYGE (gained 1)
There is an open door here.
A jelly comes into view.
The jelly hits you but does no damage.
You hit the jelly.
Your hands burn!
The jelly is moderately wounded.
The jelly hits you but does no damage.
You punch the jelly!
Your hands burn!
The jelly is almost dead.
The jelly completely misses you.
You hit the jelly.
You kill the jelly!
A howler monkey comes into view.
The howler monkey howls!
The howler monkey moves out of view.
An ogre comes into view. It is wielding a +0 giant spiked club.
The howler monkey hoots and howls with incredible vigour!
You hear an angry hiss.
There are monsters nearby!
There is an open door here.
The howler monkey attacks as it pursues you!
The howler monkey hits you.
The howler monkey hoots and howls with incredible vigour!
You hear an angry hiss.
The howler monkey hoots and howls with incredible vigour!
The howler monkey hoots and howls with incredible vigour!
There is an open door here.
There is a stone staircase leading up here.
The howler monkey hoots and howls with incredible vigour!
You fly upwards.
There is a stone staircase leading down here.
You barely miss the howler monkey. The howler monkey closely misses you.
The howler monkey hits you.
You punch the howler monkey!
The howler monkey is heavily wounded.
The howler monkey hits you.
You hit the howler monkey.
The howler monkey is severely wounded.
The howler monkey hits you but does no damage.
You closely miss the howler monkey.
The howler monkey is severely wounded.
The howler monkey hoots and howls with incredible vigour!
You punch the howler monkey!
You kill the howler monkey!
You see here a howler monkey corpse.
You see here a howler monkey corpse.
There is a stone staircase leading down here.
You start resting.
HP restored.
You fly downwards.
The ogre hits you with a +0 giant spiked club!!
There is a stone staircase leading up here.
You barely miss the ogre. The ogre closely misses you.
You hit the ogre.
The ogre is lightly wounded.
You punch the ogre! You punch the ogre.
The ogre is severely wounded.
The ogre hits you with a +0 giant spiked club!!
Ouch! That really hurt!
* * * LOW HITPOINT WARNING * * *
You hit the ogre.
The ogre is severely wounded.
The ogre hits you with a +0 giant spiked club!!
You die...

.#.#...#..#...##..##...'..##..###
....h..#..#........#...#.......#
.......#..#........#...#.......#
..O..h.#..#...##..##..######...#
.......#..'...###'##..## .....
..######..##...#...#...# .#.#.#
..######..##...#...#...# ..
.............#...#...+
............##h.##...#
............##O.##...#
.#########...#.......# ...
##....##...#).)...##...#
#..........#......##..#
#.........##..##......# .
#.........###+##......# ...
#..........#..#.......# .#.
#.....##...+..#.......#


You could see an ogre.

Vanquished Creatures
  An ogre (D:5)
  A scorpion (D:5)
  A howler monkey (D:4)
  3 bombardier beetles
  A jelly (D:5)
  2 hounds
  An orc priest (D:3)
  A gnoll bouda (D:4)
  3 gnolls
  4 adders
  A ribbon worm (D:3)
  6 orcs
  5 endoplasms
  A giant cockroach (D:4)
  7 goblins
  6 hobgoblins
  4 kobolds
  2 quokkas
  4 ball pythons
  3 bats (D:2)
  2 frilled lizards (D:1)
  7 rats
66 creatures vanquished.

Notes
Turn   | Place    | Note
-------+----------+-------------------------------------------
     0 | D:1      | jimonade the Djinni Shapeshifter began the quest for the
                  | Orb.
     0 | D:1      | Reached XP level 1. HP: 17/17 MP: 0/0
   303 | D:1      | Reached XP level 2. HP: 20/22 MP: 0/0
   799 | D:2      | Reached XP level 3. HP: 27/27 MP: 0/0
   799 | D:2      | Learned a level 1 spell: Sting
  1099 | D:2      | Reached XP level 4. HP: 29/33 MP: 0/0
  1513 | D:3      | Reached skill level 1 in Armour
  1513 | D:3      | Reached skill level 4 in Unarmed Combat
  1788 | D:3      | Reached XP level 5. HP: 36/38 MP: 0/0
  1788 | D:3      | Learned a level 2 spell: Scorch
  2031 | D:3      | Found Kaissiag's Armour Emporium.
  2423 | D:4      | Reached XP level 6. HP: 8/45 MP: 0/0
  2718 | D:4      | Found a glowing silver altar of Zin.
  2808 | D:4      | Found the ring of the Hare {EV+10}
  2861 | D:4      | Found a snail-covered altar of Cheibriados.
  2862 | D:4      | Found a sparkling altar of Nemelex Xobeh.
  2976 | D:5      | Entered Level 5 of the Dungeon
  3358 | D:5      | Noticed an ogre
  3553 | D:5      | Noticed an ogre
  3556 | D:5      | Reached skill level 5 in Unarmed Combat
  3556 | D:5      | Reached skill level 1 in Spellcasting
  3556 | D:5      | Reached skill level 1 in Conjurations
  3556 | D:5      | Reached skill level 1 in Hexes
  3556 | D:5      | Reached skill level 1 in Summonings
  3556 | D:5      | Reached skill level 1 in Necromancy
  3556 | D:5      | Reached skill level 1 in Translocations
  3556 | D:5      | Reached skill level 1 in Fire Magic
  3556 | D:5      | Reached skill level 1 in Ice Magic
  3556 | D:5      | Reached skill level 1 in Air Magic
  3556 | D:5      | Reached skill level 1 in Earth Magic
  3556 | D:5      | Reached skill level 1 in Alchemy
  3556 | D:5      | Reached XP level 7. HP: 37/50 MP: 0/0
  3556 | D:5      | Learned a level 3 spell: Teleport Other
  3929 | D:5      | HP: 2/50 [ogre/+0 giant spiked club (28)]
  3930 | D:5      | Demolished by an ogre

Illustrated notes

Levels and vault maps discovered:
D:1:      scummos_arrival_simple_crosswalls, layout_loops_ring,
          roderic_cross_of_infinity, minmay_misc_feat_chi,
          chequers_serial_rivers_micro_c, st_stairs_4
D:2:      layout_loops_ring, skrybe_limestone_x
D:3:      cheibrodos_pilgrimage, layout_basic, mainiacjoe_overflow_alcove_1,
          serial_shops, nicolae_lakefront_shop, hex_intersection,
          nrook_loot_triangle
D:4:      layout_basic, nicolae_overflow_two_pavilions,
          mainiacjoe_overflow_paths, nicolae_kite_square_tiling_tiny
D:5:      layout_gridville, mainiacjoe_overflow_brackets, serial_glass,
          glass_columns_a, glass_columns_b, glass_columns_c, glass_columns_b,
          glass_columns_b, glass_columns_a, glass_columns_b, glass_columns_b,
          glass_columns_a, glass_columns_a

Skill      XL: |  1  2  3  4  5  6 |
---------------+-------------------+-----
Fighting       | 2 3 |  3.3
Armour         | 1 2 |  2.6
Unarmed Combat | 4 5 |  5.6
Dodging        | 3 |  3.9
Spellcasting   | 1 |  1.3
Conjurations   | 1 |  1.3
Hexes          | 1 |  1.3
Summonings     | 1 |  1.3
Necromancy     | 1 |  1.3
Translocations | 1 |  1.3
Fire Magic     | 1 |  1.3
Ice Magic      | 1 |  1.3
Air Magic      | 1 |  1.3
Earth Magic    | 1 |  1.3
Alchemy        | 1 |  1.3
Shapeshifting  | |  2.6

Action                     |  1- 3 |  4- 6 |  7- 9 || total
---------------------------+-------+-------+-------++-------
  Melee: Unarmed           |    82 |   147 |    34 ||   263
         Punch             |       |     5 |     2 ||     7
  Throw: Dart              |       |       |     5 ||     5
   Cast: Sting             |       |     3 |       ||     3
 Armour: Animal skin       |    16 |       |       ||    16
         Ring mail         |    33 |    82 |    24 ||   139
  Dodge: Dodged            |    55 |    70 |    16 ||   141
